 Dungeon Crawl Stone Soup version 0.17-a0-1110-g19bd574 (console) character file.

177 Monkaria the Slasher (level 5, 0/42 HPs)
             Began as a Demonspawn Chaos Knight on May 22, 2015.
             Succumbed to poison (a potion of poison)
             ... on level 3 of the Dungeon.
             The game lasted 00:05:49 (1999 turns).

Monkaria the Slasher (Demonspawn Chaos Knight)      Turns: 1999, Time: 00:05:49

Health: 0/42       AC:  7    Str: 12 (13) XL:     5   Next: 31%
Magic:  2/5        EV: 11    Int: 13      God:    Xom [......]
Gold:   168        SH:  2    Dex: 13      Spells: 0 memorised, 4 levels left

rFire  . . .     SeeInvis .     a - +0 falchion (chaos)
rCold  . . .     Clarity  .     b - +2 leather armour
rNeg   . . .     SustAt   +     (no shield)
rPois  .         Gourm    .     (no helmet)
rElec  .         Spirit   +     (no cloak)
rCorr  .         Warding  .     (no gloves)
rMut   .         Stasis   .     (no boots)
MR     .....                    l - amulet of faith
Stlth  +.........               (no ring)
                                t - ring of sustain attributes

@: lethally poisoned (0 -> -4), not resistant to hostile enchantments, very
unstealthy
A: large bone plates 1, magic shield
a: Renounce Religion


You were on level 3 of the Dungeon.
You worshipped Xom.
You were a very special plaything of Xom.
You were not hungry.

You visited 1 branch of the dungeon, and saw 3 of its levels.

You collected 168 gold pieces.

Inventory:

Hand weapons
 a - a +0 falchion of chaos (weapon)
Armour
 b - a +2 leather armour (worn)
Jewellery
 l - an amulet of faith (around neck)
 t - a ring of sustain attributes (left hand)
 u - a cursed -2 ring of strength {unknown}
Scrolls
 d - 4 scrolls of identify {unknown}
 e - a scroll of blinking {unknown}
 g - a scroll of enchant weapon {unknown}
 h - 2 scrolls of magic mapping {unknown}
 j - a scroll of recharging {unknown}
 k - a scroll of remove curse {unknown}
 r - 3 scrolls of teleportation {unknown}
 s - a scroll of immolation {unknown}
Potions
 o - 4 potions of flight
Books
 x - a book of the Dragon

   Spells                             Type                      Level
   a - Flame Tongue                   Conjuration/Fire             1
   b - Cause Fear                     Hexes                        4
   c - Bolt of Fire                   Conjuration/Fire             6
   d - Dragon Form                    Transmutation                7
   e - Dragon's Call                  Summoning                    9
Comestibles
 c - 2 bread rations
 f - a beef jerky
 n - a slice of pizza
 w - 3 fruits
 z - a meat ration
 A - a chunk of flesh


   Skills:
 - Level 4.0 Fighting
 + Level 5.0 Long Blades
 - Level 1.7 Armour
 - Level 0.8 Dodging


You had 4 spell levels left.
You didn't know any spells.

Dungeon Overview and Level Annotations

Branches:
Dungeon (3/15)

Altars:
Qazlal


Innate Abilities, Weirdness & Mutations

You are partially covered in large bone plates (AC +2, SH +2).
When hurt, damage is shared between your health and your magic reserves.


Message History

You feel sick.
The golden eye changes into a black mamba!
* * * LOW HITPOINT WARNING * * *
You feel sick.
* * * LOW HITPOINT WARNING * * *
You feel sick.
* * * LOW HITPOINT WARNING * * *
You feel sick.
The black mamba changes into a hippogriff!
* * * LOW HITPOINT WARNING * * *
You feel sick.
* * * LOW HITPOINT WARNING * * *
You feel sick.
* * * LOW HITPOINT WARNING * * *
You feel sick.
* * * LOW HITPOINT WARNING * * *
You feel sick.
The hippogriff changes into something you cannot see!
You die...
Xom bursts into laughter!

..#.P...P..##..####....#
....P...P....###....#..#
##..PPPPP..#..##.#####.#
#.........##.##.# ...
##..########..#.# ...#
#..# ##...# *...# ##.###*
##..# **### #. ,.# ###
#..## #.###. #.###.@.###
#.##..##...##....##
#.#**#>)##.#..##..#
#(####..##.....##.#####
####.#...##.†##<#........#
.......#.##.#...........[#
####..########.####......#
.......# #..# ###.####
.§...≈.# ##.## #....###


There were no monsters in sight!

Vanquished Creatures
  An orc wizard (D:3)
  A killer bee zombie (D:3)
  3 adders
  A gnoll (D:3)
  4 oozes
  A worm (D:3)
  4 giant geckos
  4 orcs (D:3)
  7 bats
  4 giant cockroaches
  9 hobgoblins
  8 kobolds
  4 quokkas
  A ball python (D:2)
  7 giant newts
  4 goblins
  4 jackals (D:3)
  5 rats
  A fungus (D:3)
73 creatures vanquished.

Notes
Turn   | Place    | Note
--------------------------------------------------------------
     0 | D:1      | Monkaria the Demonspawn Chaos Knight began the quest for the Orb.
     0 | D:1      | Reached XP level 1. HP: 18/18 MP: 1/1
   104 | D:1      | XOM: divination: detect items
   160 | D:1      | Gained mutation: You are partially covered in large bone plates (AC +2, SH +2). [demonic ancestry]
   160 | D:1      | Reached XP level 2. HP: 21/24 MP: 2/2
   308 | D:1      | Reached skill level 4 in Fighting
   332 | D:1      | XOM: silly message
   384 | D:1      | Reached XP level 3. HP: 30/30 MP: 3/3
   480 | D:1      | XOM: colour smoke trail
   821 | D:2      | XOM: divination: detect items
  1186 | D:2      | Reached XP level 4. HP: 37/37 MP: 4/4
  1376 | D:3      | XOM: fake destruction
  1469 | D:3      | Found a stormy altar of Qazlal.
  1614 | D:3      | Gained mutation: When hurt, damage is shared between your health and your magic reserves. [demonic ancestry]
  1614 | D:3      | Reached XP level 5. HP: 31/42 MP: 5/5
  1947 | D:3      | XOM: divination: magic mapping
  1960 | D:3      | Noticed a swamp drake
  1960 | D:3      | a hound changed into a swamp drake
  1960 | D:3      | XOM: mild Hex miscast
  1963 | D:3      | Noticed a porcupine
  1963 | D:3      | a swamp drake changed into a porcupine
  1970 | D:3      | XOM: chaos cloud
  1972 | D:3      | a porcupine changed into a crocodile
  1973 | D:3      | Noticed a tengu
  1973 | D:3      | a crocodile changed into a tengu
  1974 | D:3      | XOM: blink monster(s)
  1974 | D:3      | Reached skill level 5 in Long Blades
  1975 | D:3      | Noticed a naga
  1975 | D:3      | a tengu changed into a naga
  1979 | D:3      | Noticed a soldier ant
  1979 | D:3      | a naga changed into a soldier ant
  1983 | D:3      | XOM: harmless Necr miscast
  1983 | D:3      | Noticed a blink frog
  1983 | D:3      | a soldier ant changed into a blink frog
  1986 | D:3      | Noticed a sky beast
  1986 | D:3      | a blink frog changed into a sky beast
  1987 | D:3      | XOM: noise
  1988 | D:3      | Noticed a golden eye
  1988 | D:3      | a sky beast changed into a golden eye
  1989 | D:3      | Noticed a black mamba
  1989 | D:3      | a golden eye changed into a black mamba
  1992 | D:3      | Noticed a hippogriff
  1992 | D:3      | a black mamba changed into a hippogriff
  1996 | D:3      | HP: 2/42 [poison (a potion of poison)]
  1998 | D:3      | a hippogriff changed into something unseen
  1999 | D:3      | Succumbed to poison (a potion of poison)

Vault maps used:
D:1:      dpeg_arrival_solitude, minmay_misc_feat_square, hex_medium
D:2:      first_bread
D:3:      nicolae_qazlal_general_emergency, minmay_gold_behind_fungi,
          st_stairs_7, cheibrodos_gnoll_hut

Action                   |  1- 3 |  4- 6 || total
-------------------------+-------+-------++-------
Melee: Falchion          |   143 |   165 ||   308
  Use: Potion            |       |    10 ||    10
 Stab: Sleeping          |       |     1 ||     1
       Confused          |       |     1 ||     1
  Eat: Chunk             |     1 |     3 ||     4
